 Dungeon Crawl Stone Soup version 0.30-b1-2-g02819fbbbe (webtiles) character file.

Game seed: 921617149638514822

167 Arcadio the Ducker (level 5, -2/39 HPs)
             Began as a Djinni Fire Elementalist on May 17, 2023.
             Slain by a water moccasin zombie (5 damage)
             ... in an ossuary.
             The game lasted 00:05:04 (2544 turns).

Arcadio the Ducker (Djinni Fire Elementalist)       Turns: 2544, Time: 00:05:04

Health: -2/39      AC:  3    Str:  7    XL:     5   Next: 76%
Gold:   148        EV: 13    Int: 19    God:
                   SH:  0    Dex: 13

rFire   + + .        h - +0 short sword
rCold   x . .        (no shield)
rNeg    . . .        b - +1 robe {Will+}
rPois   ∞            (no helmet)
rElec   .            (no cloak)
rCorr   .            (no gloves)
SInv    .            (boots unavailable)
Will    +....        (no amulet)
Stlth   ++           (no ring)
HPRegen 0.26/turn    (no ring)
MPRegen 0.00/turn

%: infuse magic (-3 HP)
@: mighty, flying
A: sickness immunity, fire resistance 2, cold vulnerability 1, float, innate
caster, HP casting, extra vitality 1
a: no special abilities


You were in an ossuary.
You visited 1 branch of the dungeon, and saw 4 of its levels.
You also visited: Ossuary.

You collected 148 gold pieces.

Inventory:

Hand Weapons
 h - a +0 short sword (weapon)
Armour
 a - a +0 robe
 b - a +1 robe of willpower (worn)
Scrolls
 e - 3 scrolls of teleportation
 f - a scroll of vulnerability
 g - a scroll of enchant armour {unknown}
 j - 2 scrolls of immolation
 k - a scroll of amnesia {unknown}
 n - a scroll of silence {unknown}
 o - a scroll of noise {unknown}
Potions
 c - 2 potions of mutation
 d - a potion of might
 l - 2 potions of invisibility {unknown}
 m - a potion of magic {unknown}
 p - a potion of haste {unknown}


   Skills:
 + Level 2.7 Fighting
 + Level 3.9 Dodging
 - Level 1.5 Stealth
 + Level 3.3 Spellcasting


You knew the following spells:

 Your Spells              Type           Power      Damage    Failure   Level
a - Foxfire               Conj/Fire      60%        2x1d7     3%          1
b - Scorch                Fire           30%        2d6       6%          2
c - Volatile Blastmotes   Fire/Tloc      30%        2d12      12%         3
d - Inner Flame           Hex/Fire       15%        N/A       12%         3
e - Flame Wave            Conj/Fire      15%        2d7       36%         4
f - Freeze                Ice            60%        1d7       3%          1
g - Searing Ray           Conj           30%        2d5       6%          2
Your spell library was empty.

Dungeon Overview and Level Annotations

Branches:
Dungeon (4/15) Zot: 21485 Ossuary (1/1) Zot: 5962
 Temple: D:4-7

Altars:
Xom


Innate Abilities, Weirdness & Mutations

You are immune to sickness and miasma.
You are immune to poison.
Your flesh is very heat resistant. (rF++)
You are vulnerable to cold. (rC-)
You float through the air rather than walking.
You learn spells naturally, not from books.
Your magical power is your life essence.
You have superior vitality. (+4 MHP)


Message History

The water moccasin zombie is no longer more vulnerable to fire.
The cloud of blastmotes explodes!
The concussive blast engulfs the water moccasin zombie!
The water moccasin zombie is moderately damaged.
The concussive blast engulfs you! You resist.
The concussive blast engulfs the water moccasin zombie!
The water moccasin zombie is moderately damaged.
You are knocked back by the blast.
The water moccasin zombie is knocked back by the blast.
There is an empty arch of ancient stone here.
Press: ? - help, v - describe, . - travel
Here: a water moccasin zombie (moderately damaged)
The floor.
You feel very mighty all of a sudden.
The gnoll zombie is no longer more vulnerable to fire.
The water moccasin zombie closely misses you.
You puncture the water moccasin zombie!
The water moccasin zombie is severely damaged.
The water moccasin zombie closely misses you.
The water moccasin zombie bites you.
You puncture the water moccasin zombie!
You destroy the water moccasin zombie!
The water moccasin zombie bites you.
You hit the gnoll zombie.
The gnoll zombie is almost destroyed.
The water moccasin zombie completely misses you.
The gnoll zombie hits you.
You puncture the gnoll zombie!
You destroy the gnoll zombie!
The water moccasin zombie bites you.
* * * LOW HITPOINT WARNING * * *
The water moccasin zombie closely misses you.
You completely miss the water moccasin zombie.
The water moccasin zombie is moderately damaged.
The water moccasin zombie bites you.
* * * LOW HITPOINT WARNING * * *
You hit the water moccasin zombie.
The water moccasin zombie is moderately damaged.
The water moccasin zombie bites you.
You die...

#...# #...#
#...# ...
##'## #...#
### #####...#
#?!!!#...#...#
+?$$!#.@Z'...#
#!!?!#...#..∩#
### #########


You could see a water moccasin zombie.

Vanquished Creatures
  A water moccasin zombie (Ossuary)
  Natasha (D:4)
  2 adders (D:2)
  5 orcs
  6 bats
  6 endoplasms
  2 giant cockroaches
  3 goblins
  5 hobgoblins
  3 jackals (D:1)
  A quokka (D:2)
  9 ball pythons
  2 frilled lizards
  A gnoll zombie (Ossuary)
  7 kobolds
  A kobold zombie (Ossuary)
  7 rats
62 creatures vanquished.

Vanquished Creatures (others)
  116 foxfires
116 creatures vanquished.

Grand Total: 178 creatures vanquished

Notes
Turn   | Place    | Note
-------+----------+-------------------------------------------
     0 | D:1      | Arcadio the Djinni Fire Elementalist began the quest for
                  | the Orb.
     0 | D:1      | Arcadio set off with the following spells memorised:
                  | Foxfire, Scorch, Volatile Blastmotes, Inner Flame, Flame
                  | Wave.
     0 | D:1      | Reached XP level 1. HP: 15/15 MP: 0/0
    83 | D:1      | Found a shimmering altar of Xom.
   205 | D:1      | Reached XP level 2. HP: 21/22 MP: 0/0
   306 | D:1      | Reached skill level 1 in Fighting
   702 | D:1      | Reached XP level 3. HP: 27/27 MP: 0/0
   702 | D:1      | Learned a level 1 spell: Freeze
  1258 | D:2      | Reached XP level 4. HP: 32/33 MP: 0/0
  2145 | D:4      | Noticed Natasha
  2475 | D:4      | Killed Natasha
  2476 | D:4      | Reached XP level 5. HP: 34/38 MP: 0/0
  2476 | D:4      | Learned a level 2 spell: Searing Ray
  2487 | D:4      | Found a sand-covered staircase.
  2507 | Ossuary  | Entered an ossuary
  2544 | Ossuary  | Slain by a water moccasin zombie

Illustrated notes

Levels and vault maps discovered:
D:1:      dpeg_arrival_water_altar, layout_basic, minmay_tree_intersection
D:2:      layout_rooms, basic_altar, nrook_uturn, st_stairs_8
D:3:      layout_basic
D:4:      layout_rooms, nicolae_ossuary_entry_plus, minmay_misc_feat_square,
          uniq_blork_the_orc, uniq_natasha
Ossuary:  ossuary_tomb_2

Skill      XL: |  1  2  3  4 |
---------------+-------------+-----
Fighting       | 1 2 |  2.7
Dodging        | 3 |  3.9
Spellcasting   | 3 |  3.3
Stealth        | |  1.5

Action                     |  1- 3 |  4- 6 || total
---------------------------+-------+-------++-------
  Melee: Unarmed           |     1 |       ||     1
         Short sword       |     1 |     6 ||     7
   Cast: Foxfire           |    58 |    18 ||    76
         Scorch            |       |    23 ||    23
         Volatile Blastmot |       |     1 ||     1
    Use: Scroll            |     1 |     6 ||     7
         Potion            |       |     1 ||     1
 Armour: Robe              |    13 |     4 ||    17
  Dodge: Dodged            |    17 |    13 ||    30
